 Dungeon Crawl Stone Soup version 0.27-a0-538-g15ff5c5295 (webtiles) character file.

Game seed: 11192773926912437128

1 sahdkjhfkaj the Firebug (level 1, 0/10 HPs)
             Began as a Deep Elf Fire Elementalist on Mar 6, 2021.
             Slain by a bat (1 damage)
             ... on level 1 of the Dungeon.
             The game lasted 00:00:20 (222 turns).

sahdkjhfkaj the Firebug (Deep Elf Fire Elementalist) Turns: 222, Time: 00:00:21

Health: 0/10       AC:  2    Str:  5    XL:     1   Next: 16%
Magic:  6/6        EV: 12    Int: 19    God:
Gold:   0          SH:  0    Dex: 15    Spells: 5/6 levels left

rFire    . . .     SeeInvis .   (no weapon)
rCold    . . .     Faith    .   (no shield)
rNeg     . . .     Spirit   .   a - +0 robe
rPois    .         Reflect  .   (no helmet)
rElec    .         Harm     .   (no cloak)
rCorr    .         Rampage  .   (no gloves)
Will     .....                  (no boots)
Stlth    ++........             (no amulet)
HPRegen  0.03/turn              (no ring)
MPRegen  0.10/turn              (no ring)

@: no status effects
A: no striking features
a: no special abilities


You were on level 1 of the Dungeon.
You visited 1 branch of the dungeon, and saw 1 of its levels.

Inventory:

Armour
 a - a +0 robe (worn)
Potions
 b - a potion of curing {unknown}


   Skills:
 - Level 2.4 Dodging
 - Level 2.4 Stealth
 - Level 3.0 Spellcasting
 + Level 1.3 Conjurations
 - Level 3.2 Fire Magic


You had 5 spell levels left.
You knew the following spells:

 Your Spells              Type           Power      Damage    Failure   Level
a - Foxfire               Conj/Fire      44%        2x1d6     6%          1

Your spell library contained the following spells:

 Spells                   Type           Power      Damage    Failure   Level
 Conjure Flame            Conj/Fire      11%        6-21      19%         3
 Inner Flame              Hex/Fire       9%         N/A       24%         3
 Sticky Flame             Conj/Fire      11%        2d3       52%         4
 Fireball                 Conj/Fire      5%         3d5       86%         5


Dungeon Overview and Level Annotations

Branches:
Dungeon (1/15)

Altars:


Message History

You are too injured to fight recklessly!
There are monsters nearby!
You are too injured to fight recklessly!
There are monsters nearby!
You are too injured to fight recklessly!
There are monsters nearby!
You are too injured to fight recklessly!
There are monsters nearby!
You are too injured to fight recklessly!
There are monsters nearby!
You are too injured to fight recklessly!
There are monsters nearby!
You are too injured to fight recklessly!
There are monsters nearby!
You are too injured to fight recklessly!
There are monsters nearby!
You are too injured to fight recklessly!
There are monsters nearby!
You are too injured to fight recklessly!
There are monsters nearby!
You are too injured to fight recklessly!
There are monsters nearby!
Unknown command.
Unknown command. (m)acro, keymap [(k) default, (x) level-map, (t)argeting, (c)onfirm, m(e)nu], (s)ave?
Current Action for o: o\{9}o\{9}o\{9}o\{9}o\{9}o\{9}o\{9}o\{9}o\{9}o\{9}o\{9}o\{9}o\{9}o\{9}o\{9}o\{9 }o\{9}o\{9}o\{9}o\{9}o\{9}o\{9}o\{9}o\{9}o\{9}o\{9}o\{9}o\{9}o\{9}o\{9}o\{9}o\{ 9}o\{9}o\{9}o\{9}o\{9}o\{9}o\{9}o\{9}o\{9}o\{9}o\{9}o\{9}o\{9}o\{9}o\{9}o\{9}o\ {9}o\{9}o\{9}o\{9}o\{9}o\{9}o\{9}o\{9}o\{9}o\{9}o\{9}o\{9}o\{9}o\{9}o\{9}o\{9}o \{9}o\{9}o\{9}o\{9}o\{9}o\{9}o\{9}o\{9}o\{9}o\{9}o\{9}o\{9}o\{9}o\{9}o\{9}o\{9} o\{9}o\{9}o\{9}o\{9}o\{9}o\{9}o\{9}o\{9}o\{9}o\{9}o\{9}o\{9}o\{9}o\{9}o\{9}o\{9 }o\{9}o\{9}o\{9}o\{9}o\{9}o\{9}o\{9}o\{9}o\{9}o\{9}o\{9}o\{9}o\{9}o\{9}o\{9}o\{ 9}o\{9}o\{9}o\{9}o\{9}o\{9}o\{9}o\{9}o\{9}o\{9}o\{9}o\{9}o\{9}o\{9}o\{9}o\{9}o\ {9}o\{9}o\{9}o\{9}o\{9}o\{9}o\{9}o\{9}o\{9}o\{9}o\{9}o\{9}o\{9}o\{9}o\{9}o\{9}o \{9}o\{9}o\{9}o\{9}o\{9}o\{9}o\{9}o\{9}o\{9}o\{9}o\{9}o\{9}o\{9}o\{9}o\{9}o\{9} o\{9}o\{9}o\{9}o\{9}o\{9}o\{9}o\{9}o\{9}o\{9}o\{9}o\{9}o\{9}o\{9}o\{9}o\{9}o\{9 }o\{9}o\{9}o\{9}o\{9}o\{9}o\{9}o\{9}o\{9}o\{9}o\{9}o\{9}o\{9}o\{9}o\{9}o\{9}o\{ 9}o\{9}o\{9}o\{9}o\{9}o\{9}o\{9}o\{9}o\{9}o\{9}o\{9}o\{9}o\{9}o\{9}o\{9}o Do you wish to (r)edefine, redefine (R)aw, (c)lear, or (a)bort?
Cleared macro 'o' => 'o\{9}o\{9}o\{9}o\{9}o\{9}o\{9}o\{9}o\{9}o\{9}o\{9}o\{9}o\{9}o\{9}o\{9}o\{9}o\{ 9}o\{9}o\{9}o\{9}o\{9}o\{9}o\{9}o\{9}o\{9}o\{9}o\{9}o\{9}o\{9}o\{9}o\{9}o\{9}o\ {9}o\{9}o\{9}o\{9}o\{9}o\{9}o\{9}o\{9}o\{9}o\{9}o\{9}o\{9}o\{9}o\{9}o\{9}o\{9}o \{9}o\{9}o\{9}o\{9}o\{9}o\{9}o\{9}o\{9}o\{9}o\{9}o\{9}o\{9}o\{9}o\{9}o\{9}o\{9} o\{9}o\{9}o\{9}o\{9}o\{9}o\{9}o\{9}o\{9}o\{9}o\{9}o\{9}o\{9}o\{9}o\{9}o\{9}o\{9 }o\{9}o\{9}o\{9}o\{9}o\{9}o\{9}o\{9}o\{9}o\{9}o\{9}o\{9}o\{9}o\{9}o\{9}o\{9}o\{ 9}o\{9}o\{9}o\{9}o\{9}o\{9}o\{9}o\{9}o\{9}o\{9}o\{9}o\{9}o\{9}o\{9}o\{9}o\{9}o\ {9}o\{9}o\{9}o\{9}o\{9}o\{9}o\{9}o\{9}o\{9}o\{9}o\{9}o\{9}o\{9}o\{9}o\{9}o\{9}o \{9}o\{9}o\{9}o\{9}o\{9}o\{9}o\{9}o\{9}o\{9}o\{9}o\{9}o\{9}o\{9}o\{9}o\{9}o\{9} o\{9}o\{9}o\{9}o\{9}o\{9}o\{9}o\{9}o\{9}o\{9}o\{9}o\{9}o\{9}o\{9}o\{9}o\{9}o\{9 }o\{9}o\{9}o\{9}o\{9}o\{9}o\{9}o\{9}o\{9}o\{9}o\{9}o\{9}o\{9}o\{9}o\{9}o\{9}o\{ 9}o\{9}o\{9}o\{9}o\{9}o\{9}o\{9}o\{9}o\{9}o\{9}o\{9}o\{9}o\{9}o\{9}o\{9}o\{9}o\ {9}o\{9}o\{9}o\{9}o\{9}o\{9}o\{9}o\{9}o\{9}o\{9}o\{9}o\{9}o\{9}o\{9}o\{9}o'.
What are your orders? t - Shout!
Orders for allies: a - Attack new target. r - Retreat! s - Stop attacking. g - Guard the area. f - Follow me.
Anything else - Cancel.
Okay, then.
The bat hits you.
* * * LOW HITPOINT WARNING * * *
The bat completely misses you. The bat closely misses you. The bat hits you.
You die...

## ## ..# #. #.# #.
####.## #.########
#.....# #...†....#
#.....#
.........######.....#
................@bK.#####
###'############b.......#
##...### #........#
.......### #....w...#
.........## #...........
..#+#.....##
#...........# ## ###....#
...#......≈.≈≈
###.<#######..##≈≈.≈≈
##.# ..## P≈.≈≈


You could see a dart slug, 2 bats and a kobold.

Vanquished Creatures
  A hobgoblin (D:1)
1 creature vanquished.

Vanquished Creatures (others)
  2 plants (D:1)
2 creatures vanquished.

Grand Total: 3 creatures vanquished

Notes
Turn   | Place    | Note
-------+----------+-------------------------------------------
     0 | D:1      | sahdkjhfkaj the Deep Elf Fire Elementalist began the quest
                  | for the Orb.
     0 | D:1      | Reached XP level 1. HP: 10/10 MP: 6/6
   222 | D:1      | Slain by a bat

Illustrated notes

Levels and vault maps discovered:
D:1:      evilmike_arrival_crescent, layout_rooms, serial_bayou_lagoon_b

Action                   || total
-------------------------++-------
Melee: Unarmed           ||    19
Armor: Robe              ||     4
Dodge: Dodged            ||    18

Table legend: (Time is in decaauts)
 A = Elapsed time spent in this place.
 B = Non-inter-level travel time spent in this place.
 C = Inter-level travel time spent in this place.
 D = Time resting spent in this place.
 E = Time spent auto-exploring this place.
 F = Levels seen in this place.
 G = Mean time per level.
                   A        B        C        D        E       F      G
               +--------+--------+--------+--------+--------+-----+--------+
         Total |    222 |    222 |      0 |      0 |    190 |   1 |  222.0 |
       Dungeon |    222 |    222 |      0 |      0 |    190 |   1 |  222.0 |
               +--------+--------+--------+--------+--------+-----+--------+

Top non-repeatable levels by time:
     D:1: 222 daAuts
